 Dungeon Crawl Stone Soup version 0.21-a0-401-g0b6bec4 (webtiles) character file.

574 Klosterheim the Magician (level 7, -3/36 HPs)
             Began as a Deep Elf Wizard on Oct 24, 2017.
             Slain by a killer bee zombie (6 damage)
             ... on level 5 of the Dungeon.
             The game lasted 00:11:11 (4498 turns).

Klosterheim the Magician (Deep Elf Wizard)          Turns: 4498, Time: 00:11:12

Health: -3/36      AC:  7    Str:  9    XL:     7   Next: 12%
Magic:  3/20       EV: 14    Int: 25    God:
Gold:   244        SH:  0    Dex: 13    Spells: 15/21 levels left

rFire    . . .     SeeInvis .   E - +3 short sword (vamp)
rCold    + . .     Gourm    .   (no shield)
rNeg     . . .     Faith    .   e - +2 robe {rC+}
rPois    +         Spirit   .   l - +1 helmet
rElec    .         Reflect  .   (no cloak)
rCorr    .         Harm     .   F - +0 pair of gloves
MR       .....                  (no boots)
Stlth    ++........             (no amulet)
HPRegen  0.12/turn              q - +1 ring of evasion
MPRegen  0.17/turn              b - ring of poison resistance

@: mighty, flying
A: no striking features
a: no special abilities


You were on level 5 of the Dungeon.
You were very hungry.

You visited 1 branch of the dungeon, and saw 6 of its levels.

You collected 244 gold pieces.

Inventory:

Hand Weapons
 E - a +3 vampiric short sword (weapon)
Armour
 e - a +2 robe of cold resistance (worn)
 l - a +1 helmet (worn)
 F - a +0 pair of gloves (worn)
Jewellery
 a - an uncursed ring of flight
 b - a ring of poison resistance (right hand)
 j - an uncursed ring of ice
 k - a +3 ring of evasion
 q - a +1 ring of evasion (left hand)
Wands
 w - a wand of confusion (16/48)
 x - a wand of random effects (17/48)
 y - a wand of lightning (3/15)
Scrolls
 i - 6 scrolls of identify
 o - 7 scrolls of remove curse
 u - 4 scrolls of teleportation
Potions
 h - a potion of haste
 p - a potion of resistance {unknown}
 r - a potion of degeneration {unknown}
 v - 3 potions of curing {unknown}
 z - a potion of brilliance {unknown}
 C - a potion of heal wounds {unknown}
Books
 c - a book of Minor Magic

   Spells                             Type                      Level
   a - Magic Dart                     Conjuration                  1
   b - Blink                          Translocation                2
   c - Call Imp                       Summoning                    2
   d - Slow                           Hexes                        2
   e - Conjure Flame                  Conjuration/Fire             3
   f - Mephitic Cloud                 Conjuration/Poison/Air       3
 t - a book of Minor Magic

   Spells                             Type                      Level
   a - Magic Dart                     Conjuration                  1
   b - Blink                          Translocation                2
   c - Call Imp                       Summoning                    2
   d - Slow                           Hexes                        2
   e - Conjure Flame                  Conjuration/Fire             3
   f - Mephitic Cloud                 Conjuration/Poison/Air       3
 A - a book of Misfortune

   Spells                             Type                      Level
   a - Confusing Touch                Hexes                        1
   b - Confuse                        Hexes                        3
   c - Gell's Gravitas                Translocation                3
   d - Petrify                        Transmutation/Earth          4
   e - Metabolic Englaciation         Hexes/Ice                    5
   f - Yara's Violent Unravelling     Hexes/Transmutation          5
Comestibles
 d - 4 bread rations
 m - a royal jelly


   Skills:
 - Level 2.4 Dodging
 - Level 2.4 Stealth
 * Level 7.7 Spellcasting
 * Level 5.3 Conjurations
 * Level 4.1 Hexes
   Level 1.1 Summonings
 - Level 1.1 Translocations


You had 15 spell levels left.
You knew the following spells:

 Your Spells              Type           Power        Failure   Level  Hunger
a - Magic Dart            Conj           ####         1%          1    None
b - Blink                 Tloc           N/A          6%          2    None
c - Confuse               Hex            ####....     3%          3    None


Dungeon Overview and Level Annotations

Branches:
Dungeon (6/15)
 Temple: D:4-7

Altars:
Elyvilon
Hepliaklqana
Kikubaaqudgha
Ru
Wu Jian
The Shining One

Shops:
D:5 *


Message History

You completely miss the hound.
The hound is lightly wounded.
The hound closely misses you.
You puncture the hound!
The hound is almost dead.
The hound misses you. The hound closely misses you.
You barely miss the hound.
The hound is almost dead.
The hound bites you but does no damage.
A killer bee zombie comes into view.
You puncture the hound!
You kill the hound!
The killer bee zombie barely misses you.
The killer bee zombie barely misses you.
An adder comes into view.
The adder moves out of view.
The killer bee zombie misses you.
The killer bee zombie closely misses you.
The killer bee zombie hits you.
You die...

####..#.#.# #.....#.#.#
#.###...#... #.....#.#.#
## ####..5...# .
#<#.##.#.#.#
######.#.##.#.#.##
##.####....∩.#.#.......#
#..........Z@..####.####
#######.............#
###############


You could see a killer bee zombie.

Vanquished Creatures
  The ghost of Deadinside the Skirmisher, an amateur DsBe of Trog (D:4)
  2 ogres (D:4)
  A scorpion (D:4)
  3 hounds
  A centaur skeleton (D:5)
  A jelly (D:5)
  Jessica (D:2)
  3 adders
  2 worms
  2 dart slugs (D:1)
  2 leopard geckos
  6 orcs
  16 bats
  3 giant cockroaches
  5 goblins
  7 hobgoblins
  2 quokkas (D:2)
  2 ball pythons
  2 frilled lizards
  7 kobolds
  4 rats
73 creatures vanquished.

Vanquished Creatures (others)
  A plant (D:3)
1 creature vanquished.

Grand Total: 74 creatures vanquished

Notes
Turn   | Place    | Note
-------+----------+-------------------------------------------
     0 | D:1      | Klosterheim the Deep Elf Wizard began the quest for the Orb.
     0 | D:1      | Reached XP level 1. HP: 10/10 MP: 7/7
   236 | D:1      | Reached XP level 2. HP: 15/15 MP: 7/9
   474 | D:1      | Reached skill level 5 in Spellcasting
   984 | D:2      | Reached XP level 3. HP: 19/19 MP: 8/11
  1204 | D:2      | Noticed Jessica
  1210 | D:2      | Killed Jessica
  1449 | D:2      | Reached XP level 4. HP: 24/24 MP: 9/13
  1733 | D:2      | Found a white marble altar of Elyvilon.
  2166 | D:3      | Reached skill level 6 in Spellcasting
  2788 | D:4      | Reached XP level 5. HP: 28/28 MP: 10/15
  2792 | D:4      | Learned a level 2 spell: Blink
  2796 | D:4      | Learned a level 3 spell: Confuse
  2842 | D:4      | Noticed Deadinside's ghost (amateur DsBe)
  2910 | D:4      | Killed Deadinside's ghost
  2910 | D:4      | Reached skill level 1 in Hexes
  3211 | D:4      | Found a sacrificial altar of Ru.
  3211 | D:4      | Found a hazy altar of Hepliaklqana.
  3213 | D:4      | Found an ancient bone altar of Kikubaaqudgha.
  3215 | D:4      | Found an ornate altar of the Wu Jian Council.
  3216 | D:4      | Found a glowing golden altar of the Shining One.
  3225 | D:4      | Noticed an ogre
  3227 | D:4      | Reached XP level 6. HP: 28/32 MP: 12/17
  3245 | D:4      | Reached skill level 7 in Spellcasting
  3995 | D:4      | Reached skill level 5 in Conjurations
  4286 | D:5      | Entered Level 5 of the Dungeon
  4389 | D:5      | You fall through a shaft!
  4414 | D:5      | Reached XP level 7. HP: 8/36 MP: 7/20
  4455 | D:6      | HP: 1/36 [centaur/arrow (3)]
  4471 | D:5      | Found Sorog's Assorted Antiques.
  4498 | D:5      | Slain by a killer bee zombie

Vault maps used:
D:1:      zaba_arrival_water
D:2:      nicolae_overflow_crystal_walls, uniq_jessica
D:3:      serial_bayou_pond_c
D:4:      grunt_temple_overflow_open, hangedman_decor_clover_reticule
D:5:      minmay_temple_entry_glass, first_bread, serial_shops, shop,
          kennysheep_minor_cross
D:6:      uniq_menkaure, uniq_duvessa, uniq_prince_ribbit1

Skill      XL: |  1  2  3  4  5  6  7 |
---------------+----------------------+-----
Conjurations   | 2 3 4 5 |  5.3
Spellcasting   | 5 6 7 |  7.7
Hexes          | 2 3 4 |  4.1
Dodging        | |  2.4
Stealth        | |  2.4
Summonings     | |  1.1
Translocations | |  1.1

Action                   |  1- 3 |  4- 6 |  7- 9 || total
-------------------------+-------+-------+-------++-------
Melee: Short sword       |       |    19 |     5 ||    24
 Cast: Magic Dart        |    76 |   117 |     8 ||   201
       Confuse           |       |     8 |     3 ||    11
       Blink             |       |     1 |     1 ||     2
  Use: Scroll            |     6 |     2 |       ||     8
       Potion            |       |       |     4 ||     4
 Stab: Confused          |       |     1 |       ||     1
  Eat: Chunk             |     1 |     7 |       ||     8
       Meat ration       |       |     1 |       ||     1
       Fruit             |       |     1 |       ||     1
Armor: Robe              |     1 |     7 |     7 ||    15
Dodge: Dodged            |     7 |    33 |    15 ||    55

Table legend:
 A = Spawn XP
 B = Non-spawn XP
 C = Spawn XP percentage of total XP
 D = Spawn monster count
 E = Non-spawn monster count
 F = Spawn count percentage of total count
 G = Total turns spent on level
                    A         B        C        D         E        F      G
               +---------+---------+-------+---------+---------+-------+---------
         Total |       0 |     820 |   0.0 |       0 |      73 |   0.0 |  4498
               +---------+---------+-------+---------+---------+-------+---------
           D:1 |       0 |      38 |   0.0 |       0 |      20 |   0.0 |   976
           D:2 |       0 |      76 |   0.0 |       0 |      17 |   0.0 |   926
           D:3 |       0 |      45 |   0.0 |       0 |      20 |   0.0 |   830
           D:4 |       0 |     531 |   0.0 |       0 |      12 |   0.0 |  1554
           D:5 |       0 |     130 |   0.0 |       0 |       4 |   0.0 |   205
               +---------+---------+-------+---------+---------+-------+---------
